Map: [ESL] Cosmic Sapphire

Players

Serral - Winner!

  • Race: Zerg Zerg
  • Spawn Location: 11:00

Zoun

  • Race: Protoss Protoss
  • Spawn Location: 5:00

Event: HomeStory Cup XXII

VOD

Have the link to the VOD?

Description

Time

  • Played on: Dec. 18, 2022, 9:03 a.m.
  • Length: 15:48

All games in this series

Show
View Real Time Build Order
Export as new Build Order

Serral Zerg - Winner!

Build Orders: Hatch First 

Get SALT Encoding   

  12  0:00  Drone  
  13  0:12  Overlord  
  13  0:18  Drone  
  14  0:30  Drone x2  
  16  0:43  Drone  
  17  0:51  Hatchery  
  17  0:54  Drone  
  17  0:58  Drone  
  18  1:06  Drone  
  18  1:08  Extractor  
  18  1:16  Spawning Pool  
  17  1:20  Drone  
  18  1:28  Drone  
  19  1:38  Drone  
  20  1:49  Overlord  
  20  2:03  Queen x2  
  20  2:04  Zergling x4  
  26  2:10  Drone  
  26  2:12  Metabolic Boost  
  26  2:14  Drone  
  28  2:21  Drone  
  29  2:24  Drone  
  30  2:35  Hatchery  
  30  2:37  Drone  
  30  2:39  Drone  
  31  2:45  Queen  
  31  2:50  Overlord  
  33  2:52  Drone  
  33  2:56  Drone  
  33  2:57  Drone  
  36  3:04  Overlord  
  36  3:08  Queen  
  36  3:12  Drone x2  
  40  3:15  Drone x2  
  40  3:18  Drone  
  43  3:25  Spore Crawler  
  42  3:28  Drone  
  42  3:29  Queen  
  42  3:30  Drone  
  42  3:33  Overlord  
  46  3:36  Drone  
  46  3:38  Drone  
  46  3:39  Zergling x2  
  49  3:43  Zergling x2  
  49  3:46  Zergling x2  
  51  3:50  Drone x3  
  51  3:53  Roach Warren  
  53  3:57  Drone  
  53  3:59  Queen  
  53  4:02  Drone x2  
  58  4:08  Extractor  
  58  4:09  Overlord  
  57  4:11  Drone x4  
  61  4:17  Lair  
  61  4:21  Overlord  
  61  4:22  Drone x3  
  64  4:30  Overlord  
  64  4:32  Drone  
  64  4:35  Overlord x2  
  65  4:41  Zergling x4  
  65  4:42  Drone x3  
  65  4:43  Drone  
  71  4:47  Extractor x2  
  71  4:50  Drone x2  
  71  4:55  Extractor  
  71  4:57  Evolution Chamber, Zergling x6  
  72  5:02  Roach x3  
  78  5:08  Drone  
  78  5:11  Drone  
  78  5:13  Drone  
  81  5:16  Overseer  
  81  5:18  Drone x4  
  81  5:19  Glial Reconstitution  
  81  5:20  Overlord  
  87  5:21  Roach x2  
  87  5:25  Roach  
  87  5:26  Roach  
  93  5:38  Drone x2  
  93  5:39  Drone  
  93  5:41  Extractor  
  93  5:45  Drone  
  94  5:51  Overlord x4  
  94  5:53  Drone  
  94  5:54  Hatchery  
  94  5:55  Drone  
  95  6:00  Roach x3  
  95  6:02  Overlord  
  101  6:07  Roach x2  
  104  6:16  Roach x5  
  104  6:17  Ravager  
  104  6:18  Ravager x5  
  117  6:21  Ravager  
  117  6:25  Roach x3  
  124  6:28  Ravager x2  
  124  6:29  Roach x2  
  132  6:33  Roach x3  
  132  6:39  Roach x4  
  135  6:42  Overlord  
  135  6:44  Zergling x2  
  135  6:45  Zergling x4  
  138  6:49  Overlord  
  138  6:51  Zergling x6  
  141  6:59  Zergling x2  
  141  7:01  Ravager  
  138  7:04  Zergling x10  
  138  7:07  Roach, Zergling x2  
  146  7:12  Zergling x8  
  150  7:15  Zerg Melee Weapons Level 1  
  150  7:16  Overlord, Baneling Nest  
  150  7:21  Roach x3  
  133  7:23  Ravager x2  
  133  7:26  Roach  
  132  7:31  Roach x3  
  132  7:34  Ravager x4  
  140  7:38  Roach x3  
  140  7:42  Roach x2  
  140  7:46  Zergling x6  
  140  7:51  Zergling x10  
  140  7:55  Ravager x3  
  143  8:03  Zergling x16  
  150  8:06  Zergling x2  
  150  8:10  Zergling x10  
  153  8:14  Centrifugal Hooks  
  153  8:17  Ravager x2  
  155  8:21  Ravager  
  155  8:24  Zergling x14  
  163  8:30  Zergling x6  
  163  8:33  Zergling x2  
  167  8:39  Zergling x2  
  167  8:43  Zergling x2  
  159  8:51  Roach x2  
  159  8:52  Roach x8, Zergling x4  
  153  8:55  Roach x2  
  153  9:00  Ravager, Roach  
  152  9:06  Zergling x8  
  152  9:07  Zergling x6  
  152  9:10  Zergling x6  
  152  9:18  Zergling x2  
  152  9:19  Zergling x10  
  156  9:24  Zergling x2  
  156  9:25  Zergling x4  
  156  9:28  Ravager x2  
  156  9:30  Overlord  
  160  9:31  Zergling x4  
  159  9:38  Zerg Melee Weapons Level 2  
  159  9:41  Zergling x4  
  159  9:42  Zergling x12  
  161  9:47  Zergling x6  
  159  9:53  Infestation Pit  
  159  9:54  Zergling x6  
  159  9:57  Zergling x2  
  159  9:58  Zergling x4  
  164  10:00  Baneling x6  
  164  10:02  Baneling x3  
  164  10:05  Zergling x2  
  164  10:06  Zergling x6  
  167  10:10  Zergling x6  
  167  10:11  Zergling x2  
  162  10:19  Zergling x14  
  166  10:25  Zergling x8  
  167  10:34  Zergling x6  
  165  10:37  Baneling x8  
  165  10:40  Roach x2  
  150  10:43  Roach x3, Zergling x2  
  150  10:44  Roach x2  
  150  10:47  Zergling x2  
  152  10:53  Ravager x8  
  152  10:56  Zergling x10  
  162  11:01  Roach  
  162  11:02  Roach  
  156  11:04  Roach x3  
  156  11:08  Roach x2  
  143  11:13  Zergling x10  
  135  11:19  Roach x2  
  135  11:20  Zergling x4  
  135  11:23  Baneling x5  
  139  11:26  Ravager  
  139  11:31  Zergling x12  
  140  11:36  Zergling x8  
  143  11:40  Zergling x6  
  143  11:44  Zergling x6  
  145  11:49  Zergling x2  
  145  11:50  Zergling x2  
  145  11:51  Baneling x2  
  143  11:55  Zergling x2  
  143  11:56  Zergling x4  
  143  12:00  Zergling x12  
  150  12:07  Zergling x6  
  150  12:08  Zergling x8  
  157  12:13  Baneling x7  
  157  12:15  Zergling x4  
  144  12:24  Zergling x8  
  144  12:29  Ravager x7  
  155  12:31  Zergling x4  
  155  12:34  Baneling x5  
  155  12:43  Zergling x20  
  157  12:53  Zergling x6  
  134  13:02  Zergling x10  
  132  13:07  Zergling x8  
  132  13:11  Baneling x5  
  132  13:16  Zergling x8  
  132  13:21  Hatchery, Zergling x4  
  132  13:25  Zergling x4  
  127  13:29  Zergling x4  
  114  13:34  Zergling x6  
  114  13:38  Zergling x4  
  115  13:42  Zergling x2  
  101  13:48  Roach  
  101  13:49  Roach x2  
  101  13:51  Roach  
  107  13:58  Roach x4  
  107  13:59  Roach x2  
  107  14:00  Queen x2  
  121  14:03  Roach  
  121  14:07  Roach  
  121  14:08  Roach x3  
  118  14:11  Roach  
  111  14:18  Ravager x4, Roach  
  111  14:19  Roach  
  111  14:22  Ravager x5  
  111  14:23  Roach  
  126  14:28  Roach x3  
  121  14:34  Roach x2  
  121  14:36  Roach  
  113  14:40  Roach x2  
  117  14:46  Zergling x6  
  117  14:47  Ravager  
  117  14:52  Zergling x2  
  118  14:57  Roach x6  
  118  14:59  Ravager x2  
  129  15:00  Ravager  
  129  15:03  Roach  
  113  15:08  Roach x3  
  113  15:12  Ravager x3  
  117  15:19  Roach x4  
  123  15:25  Roach x4  
Show
View Real Time Build Order
Export as new Build Order

Zoun Protoss 

Build Orders: 1 Gate Expand, Colossus Rush 

Get SALT Encoding   

  12  0:00  Probe  
  13  0:12  Probe  
  14  0:20  Pylon  
  14  0:24  Probe  
  15  0:38  Probe (Chrono Boost)  
  15  0:40  Gateway  
  16  0:47  Probe (Chrono Boost)  
  16  0:49  Assimilator  
  17  0:52  Probe (Chrono Boost)  
  18  1:04  Probe  
  19  1:16  Probe  
  20  1:25  Nexus  
  20  1:35  Cybernetics Core  
  20  1:39  Probe  
  21  1:46  Assimilator  
  21  1:51  Probe  
  22  1:54  Pylon  
  22  2:03  Probe  
  23  2:10  Adept (Chrono Boost)  
  23  2:15  Probe  
  26  2:18  Robotics Facility  
  26  2:20  Warp Gate  
  26  2:27  Probe (Chrono Boost)  
  27  2:32  Stalker  
  29  2:37  Probe (Chrono Boost)  
  29  2:39  Probe (Chrono Boost)  
  31  2:46  Probe (Chrono Boost)  
  31  2:47  Probe (Chrono Boost)  
  33  2:51  Probe (Chrono Boost)  
  33  2:53  Probe  
  35  3:03  Probe  
  35  3:04  Adept  
  38  3:07  Robotics Bay  
  38  3:08  Probe  
  39  3:14  Observer (Chrono Boost)  
  39  3:15  Probe  
  39  3:19  Pylon  
  41  3:20  Probe  
  42  3:28  Probe  
  42  3:32  Warp Prism (Chrono Boost)  
  42  3:33  Probe  
  46  3:40  Probe  
  47  3:43  Assimilator  
  47  3:45  Probe, Gateway  
  48  3:50  Pylon  
  48  3:52  Probe  
  49  3:58  Disruptor (Chrono Boost)  
  52  4:04  Pylon  
  52  4:06  Probe x2, Observer  
  52  4:07  Assimilator  
  54  4:18  Probe  
  54  4:19  Gateway  
  54  4:21  Gateway  
  54  4:23  Disruptor (Chrono Boost)  
  55  4:24  Probe  
  55  4:30  Probe  
  60  4:35  Sentry  
  62  4:44  Probe  
  63  4:46  Sentry  
  63  4:49  Observer  
  65  5:00  Nexus  
  65  5:01  Pylon  
  65  5:05  Pylon  
  65  5:16  Colossus (Chrono Boost)  
  65  5:19  Gateway  
  65  5:20  Shield Battery  
  71  5:21  Adept x2  
  71  5:22  Gateway  
  71  5:24  Observer  
  71  5:25  Gateway  
  75  5:29  Gateway  
  75  5:40  Stalker x2  
  79  5:45  Pylon  
  79  5:46  Gravitic Drive (Chrono Boost), Pylon  
  79  5:52  Sentry  
  79  5:53  Sentry  
  83  6:02  Observer  
  83  6:04  Pylon  
  83  6:08  Stalker x2  
  87  6:17  Disruptor (Chrono Boost)  
  90  6:20  Stalker x2  
  90  6:21  Stalker x2  
  90  6:25  Stalker  
  100  6:27  Zealot  
  102  6:41  Stalker x2, Observer  
  107  6:47  Probe x3  
  107  6:50  Disruptor (Chrono Boost)  
  112  7:00  Stalker x3  
  112  7:04  Stalker, Zealot  
  116  7:11  Observer  
  116  7:22  Stalker x3  
  119  7:24  Zealot x3  
  122  7:30  Zealot  
  118  7:41  Zealot  
  118  7:42  Disruptor (Chrono Boost)  
  113  7:51  Stalker x4  
  116  7:57  Observer  
  118  8:00  Stalker x2  
  118  8:04  Stalker  
  124  8:13  Pylon  
  124  8:14  Pylon  
  124  8:32  Stalker  
  124  8:33  Stalker x5  
  134  8:51  Stalker x2  
  122  8:57  Stalker x2  
  124  9:07  Stalker x3  
  126  9:19  Assimilator  
  126  9:20  Disruptor (Chrono Boost)  
  123  9:27  Adept x2  
  123  9:28  Zealot x2  
  129  9:37  Stalker x2  
  133  9:50  Disruptor  
  133  9:52  Zealot x3  
  136  9:56  Stalker  
  136  9:59  Stalker  
  140  10:13  Pylon  
  140  10:14  Pylon  
  140  10:21  Stalker x2  
  132  10:36  Stalker x4  
  124  10:50  Zealot, Sentry x3  
  129  11:05  Disruptor  
  129  11:09  Stalker x3  
  128  11:16  Stalker x3  
  118  11:21  Stalker  
  120  11:35  Stalker  
  120  11:36  Stalker, Sentry  
  124  11:40  Stalker  
  122  11:51  Sentry  
  122  11:52  Stalker x2  
  115  12:03  Disruptor (Chrono Boost)  
  115  12:06  Zealot x2  
  122  12:14  Adept x2  
  126  12:27  Stalker x3  
  132  12:35  Stalker x2  
  136  12:40  Disruptor (Chrono Boost)  
  125  12:57  Sentry x2  
  125  12:58  Stalker  
  90  13:10  Stalker x2  
  94  13:14  Stalker  
  82  13:35  Stalker x3  
  77  13:47  Stalker, Sentry  
  79  13:54  Stalker  
  79  13:58  Observer, Sentry  
  79  13:59  Sentry  
  79  14:12  Stalker x2  
  83  14:17  Sentry x2  
  75  14:39  Stalker x2  
  75  14:45  Sentry x2  
  83  14:56  Stalker, Sentry  
  82  15:08  Disruptor (Chrono Boost)  
  81  15:26  Stalker  
Tags
 
Add a new tag
Caveats
  • Supply blocks, unpowered buildings, or Contaminate may cause inaccurate times.
  • Supply counts are checked every 10 seconds.